Map: Automaton LE

Players

Lambo - Winner!

  • Race: Zerg Zerg
  • League: Grandmaster
  • Spawn Location: 3:00

Rail

  • Race: Protoss Protoss
  • League: Grandmaster
  • Spawn Location: 9:00

VOD

Have the link to the VOD?

Description

Time

  • Played on: Jan. 11, 2019, 1:05 p.m.
  • Length: 4:06
Show
View Real Time Build Order
Export as new Build Order

Lambo Zerg - Winner!

Build Orders: Hatch First 

Get SALT Encoding   

  12  0:01  Drone  
  13  0:13  Overlord  
  13  0:18  Drone  
  14  0:31  Drone x2  
  16  0:50  Hatchery  
  16  0:52  Drone  
  16  0:56  Drone  
  17  1:00  Drone  
  18  1:11  Extractor  
  17  1:15  Spawning Pool  
  16  1:18  Drone  
  16  1:22  Drone  
  18  1:29  Drone  
  19  1:42  Drone  
  20  1:52  Overlord  
  20  2:03  Queen x2  
  20  2:04  Zergling x4  
  26  2:12  Metabolic Boost  
  26  2:14  Drone  
  27  2:16  Drone  
  28  2:38  Baneling Nest  
  28  2:43  Hatchery  
  26  2:48  Zergling x12  
  33  2:59  Overlord  
  33  3:01  Zergling x2  
  34  3:12  Zergling x4  
  36  3:16  Overlord  
  36  3:18  Zergling x8  
  40  3:24  Baneling x4  
  41  3:27  Zergling x2  
  41  3:34  Baneling x2  
  41  3:36  Baneling  
  41  3:37  Zergling x4  
  43  3:42  Zergling x2  
  43  3:47  Zergling x4  
Show
View Real Time Build Order
Export as new Build Order

Rail Protoss 

Build Orders: 1 Gate Expand, Oracle Opening, Phoenix Opening 

Get SALT Encoding   

  12  0:00  Probe  
  13  0:12  Probe  
  14  0:19  Pylon  
  14  0:24  Probe  
  15  0:33  Probe  
  15  0:39  Gateway  
  15  0:41  Probe  
  16  0:48  Assimilator  
  17  0:52  Probe  
  18  1:04  Probe  
  19  1:22  Nexus  
  19  1:32  Cybernetics Core  
  19  1:35  Probe  
  20  1:41  Assimilator  
  20  1:47  Probe  
  20  1:53  Pylon  
  21  1:55  Probe  
  22  2:03  Probe  
  23  2:11  Stalker  
  23  2:12  Probe  
  25  2:20  Probe  
  26  2:26  Stargate  
  26  2:28  Probe  
  27  2:32  Probe  
  29  2:40  Probe x2  
  31  2:47  Adept  
  33  2:52  Probe x2  
  35  3:00  Gateway  
  35  3:02  Oracle  
  35  3:04  Probe  
  36  3:07  Probe  
  40  3:16  Probe  
  40  3:18  Pylon  
  41  3:20  Probe  
  42  3:28  Adept  
  42  3:29  Probe  
  42  3:32  Assimilator  
  45  3:39  Probe, Phoenix  
  48  3:46  Probe  
  48  3:48  Assimilator  
  49  3:51  Probe, Pylon  
Tags
 
Add a new tag
Caveats
  • Supply blocks, unpowered buildings, or Contaminate may cause inaccurate times.
  • Supply counts are checked every 10 seconds.